 Dungeon Crawl Stone Soup version 0.22-a0-284-g99d1f74 (webtiles) character file.

1859 Azzok the Fighter (level 9, -10/66 HPs)
             Began as a Gargoyle Fighter on Mar 20, 2018.
             Killed from afar by an orc wizard (11 damage)
             ... with a magic dart
             ... on level 6 of the Dungeon.
             The game lasted 00:12:32 (4851 turns).

Azzok the Fighter (Gargoyle Fighter)                Turns: 4851, Time: 00:12:32

Health: -10/66     AC: 17    Str: 26    XL:     9   Next: 13%
Magic:  9/9        EV:  7    Int: 13    God:
Gold:   229        SH:  4    Dex:  9    Spells: 8/8 levels left

rFire    + . .     SeeInvis .   B - +2 rapier (elec)
rCold    . . .     Gourm    .   m - +0 buckler
rNeg     + . .     Faith    .   s - +0 plate armour
rPois    ∞         Spirit   .   (no helmet)
rElec    +         Reflect  .   (no cloak)
rCorr    .         Harm     .   (no gloves)
MR       .....                  (no boots)
Stlth    ..........             (no amulet)
HPRegen  0.21/turn              e - ring of protection from fire
MPRegen  0.11/turn              v - +2 ring of intelligence

@: mighty
A: negative energy resistance 1, electricity resistance, unbreathing,
petrification resistance, rot immunity, AC +6
a: no special abilities


You were on level 6 of the Dungeon.
You were very hungry.

You visited 1 branch of the dungeon, and saw 6 of its levels.
You also visited: Ossuary.

You collected 262 gold pieces.
You spent 33 gold pieces at shops.

Inventory:

Hand Weapons
 a - a +0 long sword
 h - a +0 dagger
 B - a +2 rapier of electrocution (weapon)
Missiles
 A - 19 arrows
Armour
 m - a +0 buckler (worn)
 s - a +0 plate armour (worn)
Jewellery
 e - a ring of protection from fire (left hand)
 v - a +2 ring of intelligence (right hand)
Wands
 u - a wand of paralysis (11)
Scrolls
 b - 3 scrolls of enchant weapon
 g - 7 scrolls of teleportation
 i - a scroll of blinking {unknown}
 k - 4 scrolls of remove curse
 n - 4 scrolls of immolation
 p - 2 scrolls of fear
 r - 4 scrolls of enchant armour
 y - 2 scrolls of magic mapping
 C - a scroll of summoning
Potions
 c - 2 potions of heal wounds {unknown}
 j - 2 potions of flight {unknown}
 l - 2 potions of magic {unknown}
 o - 3 potions of lignification {unknown}
 q - 5 potions of curing
 t - 2 potions of haste {unknown}
 w - 2 potions of ambrosia {unknown}
 z - a potion of degeneration {unknown}
Comestibles
 f - 9 rations


   Skills:
 + Level 12.4 Fighting
 - Level 1.7 Long Blades
 - Level 3.2 Armour
 - Level 4.0 Shields


You had 8 spell levels left.
You didn't know any spells.

Dungeon Overview and Level Annotations

Branches:
Dungeon (6/15)
 Temple: D:4-7

Altars:
Ashenzari
Gozag
Nemelex Xobeh
Uskayaw
Xom

Shops:
D:4 !   D:5 *

Annotations:
D:5 Prince Ribbit


Innate Abilities, Weirdness & Mutations

You are resistant to torment.
Your stone body is resilient. (AC +6)
You are immune to poison.
You resist negative energy. (rN+)
You are resistant to electric shocks. (rElec)
You can survive without breathing.
You are immune to petrification.
You are immune to rotting.


Message History

The orc warrior closely misses you.
You barely miss the orc warrior.
The orc warrior is heavily wounded.
The orc warrior barely misses you.
You puncture the orc warrior!
The orc warrior is severely wounded.
The orc warrior closely misses you.
The orc wizard casts a spell.
The orc wizard blinks!
You closely miss the orc warrior.
The orc warrior is severely wounded.
You block the orc warrior's attack.
The orc wizard hits you but does no damage.
The orc warrior hits you with a dire flail!
* * * LOW HITPOINT WARNING * * *
You hit the orc warrior but do no damage.
The orc warrior is severely wounded.
The orc wizard casts a spell at you. The magic dart hits you!
You die...

··▒▒▒▒▒·▒·····▒·♣·♣·▒▒▒ ▒·▒
········▒▒···▒▒··_··'·▒ ▒·▒
·········▒▒·▒·▒·♣·♣·▒·▒▒▒▒▒▒▒▒·▒
▒·▒▒▒▒···▒▒·▒·▒·····▒··········▒
▒·▒▒▒▒···▒▒·▒·▒▒▒▒▒▒▒▒▒▒▒▒▒▒▒▒▒▒
▒···········▒<···▒▒·▒▒▒▒▒▒▒▒▒
▒▒▒▒▒▒···▒▒▒▒··········)···(▒▒▒▒▒
▒···▒▒▒▒··▒▒▒▒·▒▒▒▒▒·▒······
▒·········o@o··▒ ▒···▒▒▒▒▒
▒·▒·▒▒▒▒··▒▒▒▒▒▒ ▒▒▒)▒
▒·········▒ ▒·▒ ▒▒▒······▒▒ ▒·▒
▒▒▒▒▒▒▒▒ ▒·▒ ▒·▒▒▒▒▒ ▒···>··
▒▒▒▒▒▒▒


You could see an orc warrior and an orc wizard.

Vanquished Creatures
  Sigmund (D:4)
  Menkaure (D:5)
  A water moccasin (D:6)
  Duvessa (D:5)
  A sky beast (D:5)
  An ogre (D:4)
  An elf zombie (D:4)
  An elf skeleton (D:4)
  Dowan (D:5)
  A scorpion (D:4)
  3 wights (D:6)
  4 crimson imps
  A centaur zombie (Ossuary)
  A howler monkey (D:4)
  A hound (D:5)
  2 human zombies
  2 jellies (D:6)
  A bullfrog skeleton (D:4)
  A centaur skeleton (D:4)
  Ijyb (D:3)
  A human skeleton (D:4)
  An iguana (D:5)
  3 worker ants
  A big kobold zombie (Ossuary)
  A hound zombie (D:5)
  A hound skeleton (D:4)
  2 mummies (Ossuary)
  3 gnolls (D:6)
  7 adders
  4 adder zombies (Ossuary)
  3 worms
  A dart slug (D:1)
  3 leopard geckos
  7 orcs
  2 giant cockroaches
  6 hobgoblins
  2 jackals
  6 kobolds
  2 quokkas
  2 ball pythons
  5 bats
  4 frilled lizards
  4 goblins
  2 goblin zombies (Ossuary)
  12 hobgoblin zombies (Ossuary)
  A jackal zombie (Ossuary)
  5 kobold zombies (Ossuary)
  2 orc skeletons (D:4)
  9 orc zombies (Ossuary)
  A quokka zombie (D:5)
  6 rats
  A rat zombie (Ossuary)
137 creatures vanquished.

Notes
Turn   | Place    | Note
-------+----------+-------------------------------------------
     0 | D:1      | Azzok the Gargoyle Fighter began the quest for the Orb.
     0 | D:1      | Reached XP level 1. HP: 14/14 MP: 1/1
   273 | D:1      | Reached XP level 2. HP: 20/20 MP: 2/2
   307 | D:1      | Reached skill level 4 in Fighting
   696 | D:2      | Found a shattered altar of Ashenzari.
   704 | D:2      | Found a shimmering altar of Xom.
   779 | D:2      | Reached XP level 3. HP: 7/24 MP: 3/3
  1485 | D:3      | Reached XP level 4. HP: 26/30 MP: 4/4
  1545 | D:3      | Reached skill level 5 in Fighting
  1578 | D:3      | Noticed Ijyb
  1587 | D:3      | Paralysed by Ijyb for 2 turns
  1606 | D:3      | Paralysed by Ijyb for 6 turns
  1615 | D:3      | Killed Ijyb
  1640 | D:3      | Reached XP level 5. HP: 32/36 MP: 5/5
  1911 | D:4      | Found Buekio's Distillery.
  1911 | D:4      | Noticed Sigmund
  1930 | D:4      | Killed Sigmund
  1930 | D:4      | Reached skill level 7 in Fighting
  1930 | D:4      | Reached XP level 6. HP: 29/44 MP: 6/6
  1937 | D:4      | Bought a potion of curing for 33 gold pieces
  2174 | D:4      | Reached skill level 8 in Fighting
  2174 | D:4      | Reached XP level 7. HP: 48/49 MP: 7/7
  2220 | D:4      | Found a sand-covered staircase.
  2241 | Ossuary  | Entered an ossuary
  2451 | Ossuary  | Reached skill level 9 in Fighting
  3165 | D:4      | Reached skill level 10 in Fighting
  3165 | D:4      | Reached XP level 8. HP: 50/57 MP: 8/8
  3403 | D:5      | Entered Level 5 of the Dungeon
  3432 | D:5      | Found an opulent altar of Gozag.
  3432 | D:5      | Found Gozag's Platinum Reserve.
  3871 | D:5      | Noticed Duvessa
  3871 | D:5      | Noticed Dowan
  3885 | D:5      | Killed Duvessa
  3885 | D:5      | Reached skill level 11 in Fighting
  3892 | D:5      | Killed Dowan
  3985 | D:5      | Noticed Menkaure
  3993 | D:5      | Killed Menkaure
  4279 | D:6      | Found a sparkling altar of Nemelex Xobeh.
  4500 | D:6      | Reached skill level 12 in Fighting
  4500 | D:6      | Reached XP level 9. HP: 65/65 MP: 9/9
  4530 | D:6      | Noticed a hand axe
  4531 | D:6      | Found a hide-covered altar of Uskayaw.
  4531 | D:6      | Noticed a dagger
  4827 | D:5      | Noticed Prince Ribbit
  4850 | D:6      | HP: 1/66 [orc warrior/dire flail (10)]
  4851 | D:6      | Killed from afar by an orc wizard

Vault maps used:
D:1:      scummos_arrival_forest
D:2:      minitemple, serial_corexii_hall, corexii_hall_statues_t,
          corexii_hall_statues_x, kennysheep_generic_room_15
D:3:      uniq_ijyb
D:4:      serial_shops, shop, first_ration, nicolae_ossuary_entry_catacombs,
          uniq_sigmund
D:5:      nicolae_gozag_zags_fifth_avenue, uniq_prince_ribbit1, uniq_duvessa,
          uniq_menkaure
D:6:      dancing_weapons_uskayaw, kennysheep_little_box
Ossuary:  ossuary_tomb_1

Skill      XL: |  1  2  3  4  5  6  7  8 |
---------------+-------------------------+-----
Fighting       | 4 5 7 8 10 12 | 12.4
Shields        | 4 |  4.0
Long Blades    | |  1.7
Armour         | |  3.2

Action                   |  1- 3 |  4- 6 |  7- 9 || total
-------------------------+-------+-------+-------++-------
Melee: Long sword        |   135 |   153 |   351 ||   639
       Rapier            |       |       |    99 ||    99
  Use: Potion            |       |       |     4 ||     4
       Scroll            |       |       |     8 ||     8
  Eat: Chunk             |     2 |     3 |     5 ||    10
       Ration            |       |       |     1 ||     1
Armor: Scale mail        |    45 |       |       ||    45
       Plate armour      |    44 |   126 |   359 ||   529
Dodge: Dodged            |    66 |    33 |   136 ||   235
Block: Buckler           |    27 |    33 |    80 ||   140
       Rpst.: Long sword |    17 |     6 |    30 ||    53

Table legend:
 A = Spawn XP
 B = Non-spawn XP
 C = Spawn XP percentage of total XP
 D = Spawn monster count
 E = Non-spawn monster count
 F = Spawn count percentage of total count
 G = Total turns spent on level
                    A         B        C        D         E        F      G
               +---------+---------+-------+---------+---------+-------+---------
         Total |       0 |    2656 |   0.0 |       0 |     137 |   0.0 |  4851
               +---------+---------+-------+---------+---------+-------+---------
           D:1 |       0 |      16 |   0.0 |       0 |      10 |   0.0 |   473
           D:2 |       0 |      44 |   0.0 |       0 |      16 |   0.0 |   900
           D:3 |       0 |     118 |   0.0 |       0 |      24 |   0.0 |   538
           D:4 |       0 |     893 |   0.0 |       0 |      18 |   0.0 |  1164
           D:5 |       0 |     821 |   0.0 |       0 |      17 |   0.0 |   799
           D:6 |       0 |     556 |   0.0 |       0 |      13 |   0.0 |   649
       Ossuary |       0 |     208 |   0.0 |       0 |      39 |   0.0 |   328
               +---------+---------+-------+---------+---------+-------+---------
